AoeStats
← Rttrs | Rüstiger Rüssler Rudy

Arena

509178912Analyzed
3v3 RM · 7d ago on Sep 25, 2026· 49m 17s· 6 players
Game mode
Random Map
Map size
Normal (6 player)
Population
200
Speed
Normal
Resources
Standard
Victory
Conquest
Starting age
Dark Age
Ending age
Imperial Age
RankedLock teamsTeams togetherTeam positionsShared explorationLock speedFull tech treeHidden civsTurbo modeCheats
Victory
Defeat
🇹🇼 Varangians · Taiwan
1080
+16
🇹🇼 Turks · Taiwan
1079
+16
🇹🇼 Saxons · Taiwan
1076
+16
🇩🇪 Maya · Germany
1165
-19
1070
-16
🇩🇪 Britons · Germany
998
-13
knottovichIV
0:30 Loom
10:29 Feudal Age
11:41 Horse Collar
14:20 Castle Age
12:38 Double-Bit Axe
22:02 Fletching
22:51 Wheelbarrow
23:53 Hand Cart
23:34 Stone Mining
24:58 Gold Mining
26:29 Bodkin Arrow
29:14 Imperial Age
27:53 Ballistics
27:36 Padded Archer Armor
29:02 Masonry
31:01 Bracer
31:17 Leather Archer Armor
32:44 Chemistry
35:43 Architecture
35:46 Ring Archer Armor
35:03 Elite Plumed Archer
44:41 Conscription
Berni9219
4:42 Loom
10:16 Feudal Age
10:43 Horse Collar
10:51 Double-Bit Axe
11:00 Gold Mining
12:03 Town Watch
19:55 Castle Age
18:10 Fletching
18:22 Padded Archer Armor
20:55 Heavy Plow
22:43 Bow Saw
24:49 Scale Mail Armor
25:43 Leather Archer Armor
28:28 Ballistics
28:14 Bodkin Arrow
28:08 Pikeman
30:31 Forging
30:59 Wheelbarrow
31:00 Yeomen
32:08 Scale Barding Armor
32:53 Town Patrol
38:50 Hand Cart
39:19 Light Cavalry
40:22 Elite Skirmisher
46:49 Imperial Age
Rttrs | Rüstiger Rüssler Rudy
10:59 Feudal Age
14:55 Castle Age
13:31 Horse Collar
14:22 Double-Bit Axe
20:46 Loom
25:16 Bow Saw
24:59 Gold Mining
25:47 Pikeman
26:10 Elite Skirmisher
28:46 Wheelbarrow
29:32 Fletching
29:44 Padded Archer Armor
30:16 Thumb Ring
31:14 Leather Archer Armor
30:54 Bodkin Arrow
38:09 Imperial Age
aquarius0124
2:36 Loom
10:53 Feudal Age
15:16 Castle Age
13:41 Double-Bit Axe
14:33 Horse Collar
24:25 Town Watch
24:37 Town Watch
25:28 Wheelbarrow
25:29 Heavy Plow
26:59 Hand Cart
31:42 Imperial Age
29:38 Fletching
30:10 Gold Mining
30:11 Stone Mining
31:07 Bodkin Arrow
31:22 Scale Mail Armor
32:12 Squires
31:58 Gambesons
31:59 Arson
33:11 Ballistics
32:34 Treadmill Crane
33:55 Chemistry
33:10 Bracer
33:22 Forging
32:42 Pikeman
34:29 Conscription
35:44 Siege Engineers
35:25 Capped Ram
35:39 Halberdier
36:47 Shield Wall
38:16 Fortified Wall
38:01 Murder Holes
38:17 Masonry
38:11 Padded Archer Armor
38:27 Chain Mail Armor
38:47 Iron Casting
38:31 Bow Saw
38:49 Elite Varangian Guard
40:23 Crop Rotation
40:01 Elite Hearth Troop
42:01 Elite Skirmisher
43:17 Plate Mail Armor
42:48 Padded Archer Armor
43:22 Architecture
44:08 Hoardings
45:39 Leather Archer Armor
47:51 Gold Shaft Mining
beauty viper
12:24 Feudal Age
16:25 Castle Age
17:41 Loom
20:53 Imperial Age
21:58 Padded Archer Armor
32:42 Town Watch
34:01 Leather Archer Armor
34:09 Ballistics
35:27 Ring Archer Armor
35:47 Masonry
38:44 Conscription
38:56 Artillery
44:06 Scale Barding Armor
45:27 Chain Barding Armor
46:22 Wheelbarrow
47:13 Plate Barding Armor
46:32 Double-Bit Axe
47:02 Forging
47:06 Horse Collar
47:52 Bloodlines
48:03 Hand Cart
48:00 Bow Saw
47:55 Gold Mining
48:08 Husbandry
48:35 Town Patrol
48:32 Murder Holes
49:37 Iron Casting
49:37 Architecture
Chia
10:50 Feudal Age
14:31 Castle Age
12:48 Horse Collar
14:25 Double-Bit Axe
21:24 Bloodlines
22:01 Husbandry
22:10 Scale Barding Armor
22:46 Wheelbarrow
22:27 Gold Mining
23:24 Chain Barding Armor
23:40 Bow Saw
24:35 Husbandry
24:39 Stone Mining
25:04 Heavy Plow
25:31 Forging
26:47 Iron Casting
32:19 Imperial Age
30:07 Loom
29:47 Vendel Legacy
31:21 Hand Cart
32:24 Town Watch
32:54 Cavalier
34:41 Plate Barding Armor
35:00 Stone Shaft Mining
39:04 Town Patrol
46:27 Conscription
47:19 Blast Furnace
46:05 Light Cavalry
47:40 Hussar
Connection lost

Rejoining the realm…

Still unreachable

The connection could not be restored.

Session expired

The server has moved on; the page needs a fresh start.